 Dungeon Crawl Stone Soup version 0.28.0 (webtiles) character file.

Game seed: 4148753406369442378

322 Host24 the Quickloader (level 6, -2/55 HPs)
             Began as a Kobold Hunter on Feb 20, 2022.
             Was an Initiate of Okawaru.
             Slain by a scorpion (5 damage)
             ... on level 5 of the Dungeon.
             The game lasted 00:08:39 (6234 turns).

Host24 the Quickloader (Kobold Hunter)              Turns: 6234, Time: 00:08:40

Health: -2/55      AC:  5    Str: 12    XL:     6   Next: 76%
Magic:  6/6        EV: 14    Int: 12    God:    Okawaru [......]
Gold:   183        SH:  0    Dex: 15    Spells: 5/5 levels left

rFire   . . .      SeeInvis +   b - +0 short sword
rCold   . . .      Faith    .   (no shield)
rNeg    . . .      Spirit   .   c - +0 leather armour
rPois   .          Reflect  .   (no helmet)
rElec   .          Harm     .   (no cloak)
rCorr   .          Rampage  .   u - +0 pair of gloves
Will    .....                   k - +0 pair of boots
Stlth   ..........              (no amulet)
HPRegen 0.18/turn               o - ring of see invisible
MPRegen 0.10/turn               (no ring)

@: berserking, lethally poisoned (-2 -> -4), very quick
A: small, no large weapons, nightstalker 3
a: Renounce Religion


You were on level 5 of the Dungeon.
You worshipped Okawaru.
Okawaru was noncommittal.
You visited 2 branches of the dungeon, and saw 6 of its levels.

You collected 183 gold pieces.

Inventory:

Hand Weapons
 a - a +1 hand crossbow
 b - a +0 short sword (weapon)
Missiles
 d - 39 bolts
 f - 76 arrows
 g - 3 atropa-tipped darts (quivered)
 i - 4 poisoned darts
 j - 40 stones
 q - a boomerang
Armour
 c - a +0 leather armour (worn)
 k - a +0 pair of boots (worn)
 u - a +0 pair of gloves (worn)
Jewellery
 o - a ring of see invisible (left hand)
Scrolls
 e - a scroll of identify {unknown}
 h - a scroll of enchant weapon {unknown}
 r - a scroll of fear {unknown}
 s - 2 scrolls of fog {unknown}
 t - a scroll of magic mapping {unknown}
 v - a scroll of amnesia {unknown}
 w - a scroll of enchant armour {unknown}
Potions
 l - 2 potions of berserk rage
 m - a potion of mutation {unknown}
 n - a potion of attraction {unknown}
 p - 2 potions of lignification {unknown}


   Skills:
 - Level 3.4 Fighting
 - Level 8.2 Crossbows
 - Level 3.0 Dodging
 - Level 1.3 Stealth
 + Level 1.1 Invocations


You had 5 spell levels left.
You didn't know any spells.
Your spell library was empty.

Dungeon Overview and Level Annotations

Branches:
Dungeon (5/15)             Temple (1/1) D:4

Altars:
Ashenzari
Cheibriados
Dithmenos
Elyvilon
Fedhas
Gozag
Hepliaklqana
Kikubaaqudgha
Makhleb
Nemelex Xobeh
Okawaru
Ru
Sif Muna
Trog
Uskayaw
Vehumet
Wu Jian
Xom
Yredelemnul
Zin
The Shining One

Annotations:
D:4 Grinder


Innate Abilities, Weirdness & Mutations

You are small and have problems with some larger weapons.
You are completely attuned to the shadows.


Message History

Press: ? - help, Q - select action, (/) - cycle Shift-Dir - straight line, f/p - scorpion
Aim: a scorpion (almost dead, 68% to hit)
You shoot a bolt. The bolt closely misses the scorpion.
You feel very sick. The scorpion closely misses you.
Fire: 41 bolts
Press: ? - help, Q - select action, (/) - cycle Shift-Dir - straight line, f/p - scorpion
Aim: a scorpion (almost dead, 68% to hit)
You shoot a bolt.
The bolt hits the scorpion but does no damage.
The scorpion is almost dead.
You feel sick. The scorpion stings you!
* * * LOW HITPOINT WARNING * * *
Fire: 40 bolts
Press: ? - help, Q - select action, (/) - cycle Shift-Dir - straight line, f/p - scorpion
Aim: a scorpion (almost dead, 68% to hit)
You shoot a bolt.
The bolt hits the scorpion but does no damage.
The scorpion is almost dead.
* * * LOW HITPOINT WARNING * * *
You feel sick. The scorpion misses you. The scorpion completely misses you.
It was a potion of berserk rage.
A red film seems to cover your vision as you go berserk!
You feel yourself moving faster!
You feel mighty!
You feel sick. The scorpion stings you.
* * * LOW HITPOINT WARNING * * *
b - a +0 short sword (weapon)
You feel a strong urge to attack something.
You hit the scorpion.
The scorpion is almost dead.
* * * LOW HITPOINT WARNING * * *
You feel sick. The scorpion closely misses you.
You barely miss the scorpion.
The scorpion is almost dead.
* * * LOW HITPOINT WARNING * * *
You feel sick. The scorpion misses you.
You barely miss the scorpion.
The scorpion is almost dead.
The scorpion stings you.
You die...

.#################
#.(.os@..........#
.##[.###########.#
##.# #.# ###.o#
#.# #....# #.#
#....# #.# #.....#
#.# #....## #.#
#....# #.#


You could see a scorpion and an orc.

Vanquished Creatures
  A centaur (D:4)
  An orc priest (D:3)
  A hound skeleton (D:5)
  3 adders
  4 gnolls (D:4)
  2 ufetubi
  An adder skeleton (D:4)
  2 worms
  5 dart slugs
  6 orcs
  7 endoplasms
  3 giant cockroaches
  9 goblins
  10 hobgoblins
  8 jackals
  5 kobolds (D:2)
  2 quokkas
  8 ball pythons
  7 bats
  4 frilled lizards
  8 rats
97 creatures vanquished.

Vanquished Creatures (others)
  5 fungi (D:3)
5 creatures vanquished.

Grand Total: 102 creatures vanquished

Notes
Turn   | Place    | Note
-------+----------+-------------------------------------------
     0 | D:1      | Host24 the Kobold Hunter began the quest for the Orb.
     0 | D:1      | Reached XP level 1. HP: 12/12 MP: 1/1
    32 | D:1      | Reached skill level 5 in Crossbows
   295 | D:1      | Reached XP level 2. HP: 9/18 MP: 2/2
   871 | D:1      | Reached XP level 3. HP: 19/23 MP: 3/3
  1920 | D:2      | Reached XP level 4. HP: 22/28 MP: 4/4
  3068 | D:2      | Reached skill level 6 in Crossbows
  3476 | D:3      | Reached XP level 5. HP: 25/32 MP: 5/5
  4492 | D:3      | Found a faded altar of an unknown god.
  4729 | D:4      | Reached skill level 7 in Crossbows
  4804 | D:4      | Reached XP level 6. HP: 14/37 MP: 6/6
  5042 | D:4      | Noticed Grinder
  5439 | D:4      | Found a staircase to the Ecumenical Temple.
  5445 | Temple   | Entered the Ecumenical Temple
  5635 | Temple   | Became a worshipper of Warmaster Okawaru
  5815 | D:4      | Reached skill level 8 in Crossbows
  6164 | D:5      | Entered Level 5 of the Dungeon
  6217 | D:5      | Reached skill level 1 in Invocations
  6234 | D:5      | Slain by a scorpion

Illustrated notes

Levels and vault maps discovered:
D:1:      lightli_arrival_boilingwater, layout_basic
D:2:      layout_basic
D:3:      layout_loops_corners, shapermc_ecumenical_altar_acropolis
D:4:      layout_rooms, minmay_temple_entry_glass, abandoned_shop,
          palyth_stone_intersect, kennysheep_opposing_triangles, uniq_grinder
D:5:      minmay_opposing_rooms, layout_loops_ring,
          nicolae_qazlal_style_of_elements, portal_sewer_entry_b,
          chequers_serial_rivers_small_3
Temple:   minmay_crystal_snake_temple

Skill      XL: |  1  2  3  4  5  6 |
---------------+-------------------+-----
Crossbows      | 5 6 7 8 |  8.2
Fighting       | 3 |  3.4
Dodging        | 3 |  3.0
Invocations    | 1 |  1.1
Stealth        | |  1.3

Action                   |  1- 3 |  4- 6 || total
-------------------------+-------+-------++-------
Melee: Short sword       |   153 |   200 ||   353
       Punch             |     3 |     3 ||     6
 Fire: Hand crossbow     |     2 |    46 ||    48
  Use: Potion            |       |     1 ||     1
 Stab: Sleeping          |     6 |    10 ||    16
       Distracted        |       |     1 ||     1
Armor: Leather armour    |    36 |    60 ||    96
Dodge: Dodged            |   144 |   195 ||   339
